Cogmind - Beta 16 @@@ ROGUE MODE // 2025.11.12 @ 15:02:27 Player: Zane Result: Destroyed by 63-48X(j) with Overtuned Pulse Rifle Performance ------------- Evolutions (0) 0 Regions Visited (3) 600 Robots Destroyed (25) 125 Value Destroyed (757) 757 Prototype IDs (0) 0 Alien Tech Used (0) 0 Bonus (706) 706 TOTAL SCORE: 2188 Bonus ------- Registered with UFD 300 Met Optimus in HQ 500 Friendly Fire -94 Cogmind --------- Core Integrity 0/250 Matter 219/300 Energy 276/290 System Corruption 0% Temperature Cool (12) Movement Rolling (80) Ox1 Location -7/Scraptown Parts ------- > --- POWER (1) -------- Improved Deuterium Engine > --- PROPULSION (2) --- Overtuned Huge Scrapsphere > --- UTILITY (2) ------ Large Storage Unit Targeting Computer > --- WEAPON (2) ------- Overtuned Barrage Gun Heavy Battle Rifle > --- INVENTORY (15) --- Overtuned Huge Scrapsphere Scrap Suit Large Matter Pod (150) Machine Analyzer Advanced Targeting Computer Improved Heavy Armor Plating System Shield A0-MCA's Component Scanner Overtuned Barrage Gun Gauss Rifle Heavy Battle Rifle Proton Missile Launcher Peak State ------------ > --- POWER ------------ Improved Deuterium Engine > --- PROPULSION ------- Overtuned Huge Scrapsphere > --- UTILITY ---------- Large Storage Unit Targeting Computer > --- WEAPON ----------- Overtuned Barrage Gun Proton Missile Launcher > --- INVENTORY -------- Overtuned Huge Scrapsphere Scrap Suit Large Matter Pod Machine Analyzer Advanced Targeting Computer Improved Heavy Armor Plating System Shield A0-MCA's Component Scanner Overtuned Barrage Gun Gauss Rifle Heavy Battle Rifle Heavy Battle Rifle [Rating: 31] Favorites ----------- Power Subdweller Power Source Engine Subdweller Power Source Propulsion Light Treads Treads Light Treads Leg Aluminum Leg Wheel Overtuned Huge Scrapsphere Utility Medium Storage Unit Device Seismic Detector Storage Medium Storage Unit Processor Targeting Computer Weapon Small Laser Energy Gun Small Laser Ballistic Gun Overtuned Barrage Gun Launcher Rocket Launcher Build | -11 -10 -10 -7 ------- Run | Yrd Mat Sub Scr Slots Evolved . | . . . . Power . | . . . . Propulsion . | . . . . Utility . | . . . . Weapon . | . . . . Parts Attached 27 | 7 4 4 12 Power 4 | 1 1 1 1 Engine 4 | 1 1 1 1 Core . | . . . . Reactor . | . . . . Propulsion 5 | 2 1 . 2 Treads 2 | 2 . . . Leg 2 | . 1 . 1 Wheel 1 | . . . 1 Hover . | . . . . Flight . | . . . . Utility 6 | 2 1 1 2 Device 1 | 1 . . . Storage 4 | 1 1 . 2 Processor 1 | . . 1 . Hackware . | . . . . Protection . | . . . . Artifact . | . . . . Weapon 12 | 2 1 2 7 Energy Gun 3 | 1 . 1 1 Energy Cannon . | . . . . Ballistic Gun 7 | 1 1 . 5 Ballistic Cannon . | . . . . Launcher 2 | . . 1 1 Special Weapon . | . . . . Impact Weapon . | . . . . Slashing Weapon . | . . . . Piercing Weapon . | . . . . Special Melee Weapon . | . . . . Unidentified Prototypes . | . . . . Parts Lost 6 | . 3 3 . Power 2 | . 1 1 . Propulsion 1 | . 1 . . Utility 1 | . . 1 . Weapon 2 | . 1 1 . Highest Loss Streak 2 | . 2 1 . To Critical Strikes . | . . . . Average Backups 8 | 3 8 9 9 Power . | . . . . Propulsion 1 | 1 1 2 . Utility 4 | . 3 2 5 Weapon 2 | . 2 3 2 Tool/Special . | . . . . Unused Backups 27 | . 2 4 21 Power . | . . . . Propulsion 7 | . 1 1 5 Utility 13 | . . 3 10 Weapon 7 | . 1 . 6 Tool/Special . | . . . . Average Slot Usage (%) 95 | . 98 96 94 Engine 13 | . 14 10 14 Treads 13 | . 22 14 9 Leg 8 | . 3 14 9 Wheel 2 | . . . 4 Device 5 | . 14 5 . Storage 14 | . 14 14 14 Processor 8 | . . 7 14 Energy Gun 8 | . 3 14 9 Ballistic Gun 12 | . 24 1 9 Launcher 6 | . . 11 9 Peak Build Rating 31 | 7 8 10 31 Average Rating 13 | 5 7 9 17 On Entrance 6 | . 7 8 10 Avg Prop Armor Cover (%) 7 | . 7 8 7 Naked Turns . | . . . . Heaviest Build 37 | 14 19 21 37 Greatest Support 40 | 40 40 20 20 Greatest Overweight (x) 12 | 2 . 1 12 Average Overweight (x) . | . . . 1 Largest Inventory Capacity 15 | 8 10 10 15 Average Capacity 10 | 7 9 10 11 Most Carried 15 | 5 10 10 15 Average Carried 9 | 3 8 9 10 Final Capacity 15 | 8 10 10 15 Final Carried 15 | 5 10 10 15 Class Distribution -------------------- 100% | Mutant Dominant Class ---------------- Mutant | -10/Materials Mutant | -10/Subcaves Mutant | -7/Scraptown Resources | -11 -10 -10 -7 ----------- Run | Yrd Mat Sub Scr Matter Collected 972 | 273 404 133 162 Remotely . | . . . . Salvage Created 740 | 30 419 291 . Parts 51 | 5 20 26 . Haulers Intercepted 1 | . 1 . . Recyclers Shooed . | . . . . Parts Field Recycled . | . . . . Retrieved Matter . | . . . . Parts Self-Destructed 8 | . . 8 . Prevented . | . . . . Parts Restored . | . . . . Kills | -11 -10 -10 -7 ------- Run | Yrd Mat Sub Scr Combat Hostiles Destroyed 23 | . 10 13 . Guns 14 | . 10 4 . AOE 9 | . . 9 . Classes Destroyed 5 | 1 3 1 . Tunneler 1 | 1 . . . Hauler 1 | . 1 . . Swarmer 5 | . 2 3 . Grunt 8 | . 8 . . Subdweller 10 | . . 10 . Best Kill Streak 5 | 1 2 5 . Combat Bots Only 5 | . 2 5 . Max Kills in Single Turn 1 | 1 1 1 . Gunslinging . | . . . . Exploded 1 | . . 1 . Melee . | . . . . Uniques/NPCs Destroyed . | . . . . Combat | -11 -10 -10 -7 -------- Run | Yrd Mat Sub Scr Hostile Shots Fired 109 | . 83 25 1 Missed 32 | . 19 13 . Hits 77 | . 64 12 1 Projectile 77 | . 64 12 1 Critical Strikes 2 | . 1 1 . Damage Taken 1089 | . 831 235 23 Core 261 | . 166 72 23 Absorbed by Shields . | . . . . Core Remaining (%) 100 | 100 . . . Volleys Fired 92 | 1 64 22 5 Largest 2 | 2 2 2 2 Hottest 80 | 60 60 80 69 Shots Fired 168 | 2 128 33 5 Gun 150 | 2 128 16 4 Cannon . | . . . . Launcher 18 | . . 17 1 Special . | . . . . Kinetic 113 | 1 106 2 4 Thermal 37 | 1 22 14 . Explosive 17 | . . 17 . Electromagnetic 1 | . . . 1 Robot Hit Streak 13 | 1 13 9 3 Robot Miss Streak 4 | . 4 4 1 Penetration Max . | . . . . Secondary Targets 4 | . 2 2 . Max Gunslinging Chain 1 | . 1 1 . Shots Hit Robots 113 | 1 90 19 3 Core Hits 48 | 1 26 17 4 Critical Kills 1 | . 1 . . Critical Parts Destroyed 2 | . 1 . 1 Critical Strikes 3 | . 2 . 1 Destroy 3 | . 2 . 1 Melee Attacks . | . . . . Impact . | . . . . Slashing . | . . . . Piercing . | . . . . Sneak Attacks . | . . . . Combat Hostiles . | . . . . Follow-up Attacks . | . . . . Damage Inflicted 2354 | 12 942 1193 207 Guns 1111 | 12 942 88 69 Cannons . | . . . . Explosions 1243 | . . 1105 138 Melee . | . . . . Ramming . | . . . . Kinetic 836 | . 767 . 69 Thermal 275 | 12 175 88 . Explosive 1105 | . . 1105 . Electromagnetic 138 | . . . 138 Impact . | . . . . Slashing . | . . . . Piercing . | . . . . Highest Corruption . | . . . . Average Corruption . | . . . . Corruption Purged . | . . . . Corruption Blocked . | . . . . Overload Shots . | . . . . Overflow Damage . | . . . . Projectiles . | . . . . Explosions . | . . . . Melee . | . . . . Knockbacks . | . . . . Impact . | . . . . Kinetic . | . . . . Secondary . | . . . . Self-Inflicted Damage 25 | . . 25 . Shots 1 | . . 1 . Rammed . | . . . . Targets Rammed . | . . . . Kicked . | . . . . Crushed . | . . . . Highest Temperature 135 | . 135 . 38 Average Temperature 44 | . 47 . 16 Received Heat Transfer 492 | . 474 6 12 Siege Activations . | . . . . Martial Activations . | . . . . Shielding Activations . | . . . . Robots Disrupted . | . . . . Combat Hostiles . | . . . . Robots Corrupted . | . . . . Combat Hostiles . | . . . . Parts Fried . | . . . . Impact Corruptions . | . . . . Robots Melted . | . . . . Combat Hostiles . | . . . . Parts Melted . | . . . . Heat Transferred 625 | 25 400 200 . Parts Sabotaged . | . . . . Parts Stolen . | . . . . Parts Stripped . | . . . . Power Chain Reactions . | . . . . Alert | -11 -10 -10 -7 ------- Run | Yrd Mat Sub Scr Maximum Alert Level . | . . . . Low Security (%) 100 | 100 100 . . Level 1 . | . . . . Level 2 . | . . . . Level 3 . | . . . . Level 4 . | . . . . Level 5 . | . . . . High Security . | . . . . Max Security . | . . . . Peak Influence 70 | 5 70 . . Initial . | . . . . Average 21 | . 24 . . Influence Increases 393 | 5 318 70 . Destroy 0b10 Robot/C 260 | . 200 60 . Destroy 0b10 Robot/NC 10 | 5 5 . . Destroy Leader 52 | . 42 10 . Successful Hack 11 | . 11 . . Lose Combat Pursuer 60 | . 60 . . Influence Decreases 393 | 5 296 92 . Entered New Map 11 | . . 11 . Time Decay 352 | 5 286 61 . Lost Part 30 | . 10 20 . Squads Dispatched 2 | . 2 . . Investigation . | . . . . Extermination . | . . . . Reinforcement 2 | . 2 . . Assault . | . . . . Garrison . | . . . . Intercept . | . . . . Searches Triggered . | . . . . Construction Impeded . | . . . . Haulers Reinforced . | . . . . Active Scanning Responses . | . . . . Cargo Convoy Interrupts . | . . . . Stealth | -11 -10 -10 -7 --------- Run | Yrd Mat Sub Scr Distress Signals 3 | . 3 . . Communications Jammed . | . . . . Distress Signals . | . . . . Times Spotted 44 | . 23 12 9 Peak Tracking Total 7 | . 5 3 7 Tactical Retreats 4 | . 4 . . Traps | -11 -10 -10 -7 ------- Run | Yrd Mat Sub Scr Traps Triggered . | . . . . Indirectly . | . . . . Trap Hack Attempts . | . . . . Triggered . | . . . . Disarmed . | . . . . Reprogrammed . | . . . . Reused . | . . . . Traps Extracted . | . . . . Installed . | . . . . Triggered . | . . . . Machines | -11 -10 -10 -7 ---------- Run | Yrd Mat Sub Scr Machines Disabled . | . . . . Max in Single Turn . | . . . . Machines Repaired . | . . . . Machines Dismantled . | . . . . Machines Sabotaged . | . . . . Overloaded Fab Kills . | . . . . Hacking | -11 -10 -10 -7 --------- Run | Yrd Mat Sub Scr Machines Accessed 7 | . 4 . 3 Terminals 4 | . 4 . . Fabricators . | . . . . Repair Stations . | . . . . Recycling Units . | . . . . Scanalyzers . | . . . . Garrison Access . | . . . . Total Hacks 38 | . 8 . 30 Successful 36 | . 6 . 30 Failed 2 | . 2 . . Catastrophic . | . . . . Database Lockouts . | . . . . Manual 6 | . 6 . . Terminals 8 | . 8 . . Fabricators . | . . . . Repair Stations . | . . . . Recycling Units . | . . . . Scanalyzers . | . . . . Garrison Access . | . . . . Terminal Hacks 33 | . 3 . 30 Record 23 | . . . 23 Robot Analysis 7 | . . . 7 Locate Traps 2 | . 2 . . Hauler Manifests 1 | . 1 . . Fabricator Hacks . | . . . . Repair Station Hacks . | . . . . Recycling Unit Hacks . | . . . . Scanalyzer . | . . . . Garrison Access Hacks . | . . . . Unauthorized Hacks 3 | . 3 . . Terminals 3 | . 3 . . Botnet 3 | . 3 . . Fabricators . | . . . . Repair Stations . | . . . . Recycling Units . | . . . . Scanalyzers . | . . . . Garrison Access . | . . . . Data Cores Recovered . | . . . . Used . | . . . . Hacking Detections 4 | . 4 . . Full Trace Events . | . . . . Feedback Events . | . . . . Feedback Blocked . | . . . . Robot Schematics Acquired . | . . . . Robots Built . | . . . . Authchips . | . . . . Time . | . . . . Total Robot Build Rating . | . . . . Part Schematics Acquired . | . . . . Parts Built . | . . . . Authchips . | . . . . Time . | . . . . Total Part Build Rating . | . . . . Part Studies Acquired . | . . . . Parts Repaired . | . . . . Time . | . . . . Parts Recycled . | . . . . Recycled Matter . | . . . . Retrieved Matter . | . . . . Retrieved Components . | . . . . Parts Scanalyzed . | . . . . Part Schematics Acquired . | . . . . Parts Damaged . | . . . . Bothacking | -11 -10 -10 -7 ------------ Run | Yrd Mat Sub Scr Used RIF Installer . | . . . . Robots Hacked . | . . . . Non-combat . | . . . . Combat . | . . . . Robot Hacks Applied . | . . . . Relay Couplers Released . | . . . . Fabnet Peak Effective % . | . . . . Robots Rewired . | . . . . Allies Hacked . | . . . . Hacks Repelled . | . . . . Allies | -11 -10 -10 -7 -------- Run | Yrd Mat Sub Scr Total Allies . | . . . . Largest Group . | . . . . Highest-Rated Group . | . . . . Highest-Rated Ally . | . . . . Total Orders . | . . . . Ally Attacks . | . . . . Total Damage . | . . . . Kills . | . . . . Allies Corrupted . | . . . . Allies Melted 1 | . . . 1 Intel | -11 -10 -10 -7 ------- Run | Yrd Mat Sub Scr Active Infowar (turns) 1471 | 75 1110 286 . Seismic 1471 | 75 1110 286 . Robot Analysis Total 7 | . . . 7 Derelict Logs Recovered 6 | . . 2 4 Drone Launches . | . . . . Drone Recoveries . | . . . . Exploration | -11 -10 -10 -7 ------------- Run | Yrd Mat Sub Scr Turns Passed 4027 | 123 1110 706 2088 Spaces Moved 2038 | 66 459 378 1135 Core 80 | 7 . . 73 Treads 1643 | 59 459 378 747 Legs 5 | . . . 5 Wheels 310 | . . . 310 Hover . | . . . . Flight . | . . . . Fastest Speed 50 | 50 160 160 80 Average Speed 170 | 156 160 160 178 Slowest Speed 650 | 160 160 240 650 Overloaded Moves . | . . . . Propulsion Burnouts . | . . . . Robots Hopped . | . . . . Potential Cave-ins 2 | . . 2 . Cave-ins Triggered . | . . . . Exploration Rate (%) 45 | 5 64 31 81 Regions Visited 3 Branch Regions 2 Pre-discovered Areas . | . . . . Known Exits Taken . | . . . . Unknown Exits Taken 3 | 1 1 1 . Scrap Searched 9 | . . 1 8 Spaces Dug 10 | . . 10 . Terrain Destroyed 118 | . . 118 . Melee . | . . . . Projectile . | . . . . AOE 118 | . . 118 . Terrain Rammed . | . . . . Walls Destroyed . | . . . . Machines Disabled . | . . . . Actions | -11 -10 -10 -7 --------- Run | Yrd Mat Sub Scr Total 2442 | 80 717 448 1197 Wait 215 | 2 177 31 5 Move 2035 | 65 458 377 1135 Hop . | . . . . Pick Up 39 | 5 9 8 17 Fast Attach 9 | 7 . . 2 Attach 6 | . 3 3 . Detach . | . . . . Swap 15 | . 3 1 11 Drop 31 | . 3 6 22 Fire 92 | 1 64 22 5 Melee . | . . . . Ram . | . . . . Kick . | . . . . Crush . | . . . . Escape Stasis . | . . . . Rewire . | . . . . Trap . | . . . . Miscellaneous . | . . . . Route ------- -11/Scrapyard -10/Materials (discovered 3 exits: [*Mat] / [*Min] / [*Sub]) -10/Subcaves (discovered 2 exits: Rec / *Scr) -7/Scraptown (discovered 1 exit: [*Fac]) History --------- Turn | Location | Event 18 | -11/Scrapyard | Discovered new exit (range 14) 124 | -11/Scrapyard | Entered Materials 304 | -10/Materials | Build established: Mutant 396 | -10/Materials | Discovered new exit (range 7) 557 | -10/Materials | Discovered new exit (range 11) 706 | -10/Materials | Discovered new exit (range 11) 1057 | -10/Materials | Core integrity fell below 50% 1234 | -10/Materials | Entered Subcaves 1235 | -10/Subcaves | Approached by a straggling Scientist 1260 | -10/Subcaves | Identified exit to Recycling 1386 | -10/Subcaves | Core integrity fell below 20% 1485 | -10/Subcaves | Learned 2 Materials zone layouts 1528 | -10/Subcaves | Ambushed by Subdweller buried in earth 1559 | -10/Subcaves | A swath of the cavern ceiling suddenly collapsed 1920 | -10/Subcaves | Scientist uncovered a shortcut to Scraptown 1940 | -10/Subcaves | Entered Scraptown 2040 | -7/Scraptown | Heard Great Nut preacher, LISTEN AND RECITE! 2119 | -7/Scraptown | Discovered new exit (range 13) 2140 | -7/Scraptown | Scanned Subdweller tech in exchange for log data 2143 | -7/Scraptown | Learned Factory security intel 2145 | -7/Scraptown | Learned Research emergency access door positions 2146 | -7/Scraptown | Learned Factory terminal intel 2148 | -7/Scraptown | Learned Research garrison access intel 2225 | -7/Scraptown | Visited Cyclists 2722 | -7/Scraptown | Visited Symbiants 2770 | -7/Scraptown | Visited Cave Peace 2834 | -7/Scraptown | Visited UFD Registry 2834 | -7/Scraptown | Registered with UFD as "Gausschassis" 2858 | -7/Scraptown | Visited Bundlers 3097 | -7/Scraptown | Visited Curators Association 3135 | -7/Scraptown | Visited A0-MCA Data Center 3150 | -7/Scraptown | Given a C rating by A0-MCA 3157 | -7/Scraptown | Found A0-MCA's Component Scanner 3211 | -7/Scraptown | Visited Scrapoid Pod Storage 3246 | -7/Scraptown | Visited Modified Component R&D 3334 | -7/Scraptown | Visited DA-N13 Charitable Foundation 3338 | -7/Scraptown | Found DCF Scrap (27 items) 3371 | -7/Scraptown | Visited Scrap Suit Storage 3471 | -7/Scraptown | Found Scrap Suit 3490 | -7/Scraptown | Visited Chapter 10 3501 | -7/Scraptown | Visited Analyses Database 3832 | -7/Scraptown | Met Optimus 3832 | -7/Scraptown | Accepted into 0bPrime 4008 | -7/Scraptown | Civil war broke out across Scraptown 4028 | -7/Scraptown | Destroyed by 63-48X(j) with Overtuned Pulse Rifle Last Messages --------------- malfunctioning. 04020_ XW-Y18(j) destroyed. 04020_ Slug penetrates Wall. 04021_ 63-48X(j) cannibalizes Corrupted Ovr. Titanium Leg to repair Ovr. Titanium Leg. 04022_ LX-QA0(E) destroyed. 04023_ 63-48X(j) cannibalizes Corrupted Ovr. Pulse Rifle to repair Ovr. Pulse Rifle. 04023_ Slug penetrates Wall. 04024_ CF-MRM(E) heat damages Ovr. Barrage Gun. 04024_ AV-N69(j) destroyed. 04025_ M4-N1C(g) suffers critical hit (Destroy). 04025_ M4-N1C(g) destroyed. 04025_ Bolt penetrates Q1-3CD(p). 04025_ Q1-3CD(p) destroyed. 04025_ Bolt penetrates 8S-H4V(E). 04025_ Slug penetrates Wall. 04026_ Ovr. Barrage Gun suddenly begins malfunctioning. 04026_ CF-MRM(E) destroyed. Map ----- +----------------------------------------------------+ | | | | | | | | | | | | | | | | | ?????????????????????????????????????????????????? | | ?????????????????????????????????????????????????? | | ?????????????????????????????????????????????????? | | ?????????????????????????????????????????????????? | | ?????????????????????????????????????????????????? | | ?????????????????????????????????????????????????? | | ?????????????????????????????????????????????????? | | ?????????????????????????????????????????????????? | | ?????????????????????????????????????????????????? | | ?????????????????????????????????????????????????? | | ?????????????????????????????????????????????????? | | ?????????????????????????????????????????????????? | | ???????????????????????????????????*#????????????? | | ???????????????????????####??????!%=?????????????? | | ???????????????#??????## ##???![%??#????????????? | | ????????????"|##!!"#### !##=[#=!h!##???????????? | | ?????????? =%!!=j==[%!#???????????? | | ?????????? @!![E%x!*%=!#???????????? | | ?????????????????###### ######=#??????????????? | | ??????????????????????## ##?###########?????????? | | ???????????????????????# #???"""""""""#?????????? | | ??#########????????????# #????#"""""""#?????????? | | #"""""""""#????????????# c#????# " "#?????????? | | #"""""""""#????????????# ####+#== ="#?????????? | | #"""""""""#????????????# #""" "#?????????? | | #"""""""""#????????????# #"= "#?????????? | | #""" """#???########## #"" """""#?????????? | | #""" """#???#""""""" # #" "#####?????????? | | #""" !"!"#???#" ! "# #X """""#?????????? | | #"""" """#???#" "# ## *#?????????? | | #""" """#???#" "# c#" [ #?????????? | | #" #????? ??# #" #?????????? | | ###### ####??????# #???# ## ###########?????????? | | ###### ########### ##### ## ##??????????????????? | | """""" """"""""""" """"" "" "#########??????????? | | "## ! #??????????? | | "## !% #??????????? | | "## [* #??????????? | | "## ]=!###??????????? | | =*!=!=###??????????? | | """""""""""""""""""""""" "##! /[!*#??????????? | | """""""""""""""""""""""" "##!* %!*#??????????? | +----------------------------------------------------+ Best States ------------- Heat Dissipation 25 Energy Generation 16 Energy Capacity 290 Matter Stores 300 Matter Capacity 300 Sight Range 16 Terrain Scan Density 10 Evasion (%) 44 Targeting Accuracy 5 Recoil Reduction 2 Item Schematics ----------------- None Robot Schematics ------------------ None Fabricated ------------ Nothing Repaired ---------- Nothing Studied --------- None Alien Tech Used ----------------- None Achievements -------------- Do Not Disturb Challenges ------------ None Game ------ Seed GaussHugeFilter Manual? 0 Play Time 00:35:57 Cumulative 45.9 hours Start 2025.11.12 @ 14:05:19 End 2025.11.12 @ 15:02:27 Sessions 1 Manual Loads 0 Difficulty Rogue Special Mode None Game No. 60 Rogue 60 Adventurer 0 Explorer 0 Win Type - Total 0 Types 0/0/0/0/0/0/0/0/0/0 Lore% 45 Gallery% 36 Achievement% 23 Wizard Run 0 Options --------- Layout 1 ASCII 0 Keyboard 0 Movement Numpad Keybinds 0 Fullscreen 2 Font 24/Smallcaps Map View 50x35 Zoom Use 0% Tactical HUD 1 Map Filters NONE Filters NONE Steam 1 RUN: 1a0a7c67-c2ad-4092-bc39-86f65624b777